 Dungeon Crawl Stone Soup version 0.28-a0-479-g5baa6b73be (webtiles) character file.

Game seed: 4820723712014417624

104 siradein the Shield-Bearer (level 4, -1/41 HPs)
             Began as a Gnoll Fighter on Sept 17, 2021.
             Slain by Ijyb (4 damage)
             ... on level 3 of the Dungeon.
             The game lasted 00:06:26 (2551 turns).

siradein the Shield-Bearer (Gnoll Fighter)          Turns: 2551, Time: 00:06:27

Health: -1/41      AC: 14    Str: 17    XL:     4   Next: 80%
Magic:  5/5        EV: 11    Int:  7    God:
Gold:   105        SH:  0    Dex: 11    Spells: 5/5 levels left

rFire   . . .      SeeInvis .   n - +0 glaive
rCold   . . .      Faith    .   (shield currently unavailable)
rNeg    . . .      Spirit   .   q - +3 chain mail
rPois   .          Reflect  .   j - +0 helmet
rElec   .          Harm     .   (no cloak)
rCorr   .          Rampage  .   (no gloves)
Will    .....                   (no boots)
Stlth   ..........              (no amulet)
HPRegen 0.13/turn               i - +4 ring of evasion
MPRegen 0.09/turn               (no ring)

@: no status effects
A: fangs 1, strong nose, distributed training
a: no special abilities


You were on level 3 of the Dungeon.
You visited 1 branch of the dungeon, and saw 3 of its levels.

You collected 105 gold pieces.

Inventory:

Hand Weapons
 a - a +0 long sword
 n - a +0 glaive (weapon)
Missiles
 e - 113 stones (quivered)
Armour
 c - a +0 buckler
 j - a +0 helmet (worn)
 q - a +3 chain mail (worn)
Jewellery
 i - a +4 ring of evasion (left hand)
Scrolls
 f - a scroll of enchant armour {unknown}
 g - a scroll of identify {unknown}
 h - a scroll of fog {unknown}
 m - 2 scrolls of summoning {unknown}
 o - a scroll of immolation {unknown}
 p - a scroll of fear {unknown}
Potions
 b - a potion of cancellation {unknown}
 d - a potion of might
 k - 2 potions of degeneration {unknown}
 l - a potion of mutation {unknown}
 r - a potion of resistance {unknown}


   Skills:
 + Level 6.6 Fighting
 + Level 1.2 Short Blades
 + Level 4.7 Long Blades
 + Level 1.2 Axes
 + Level 1.2 Maces & Flails
 + Level 1.2 Polearms
 + Level 1.2 Staves
 + Level 1.2 Slings
 + Level 1.2 Bows
 + Level 1.2 Crossbows
 + Level 1.2 Throwing
 + Level 6.6 Armour
 + Level 1.2 Dodging
 + Level 1.2 Stealth
 + Level 6.6 Shields
 + Level 1.2 Unarmed Combat
 + Level 1.2 Spellcasting
 + Level 1.0 Conjurations
 + Level 1.0 Hexes
 + Level 1.0 Summonings
 + Level 1.0 Necromancy
 + Level 1.0 Translocations
 + Level 1.0 Transmutations
 + Level 1.0 Fire Magic
 + Level 1.0 Ice Magic
 + Level 1.0 Air Magic
 + Level 1.0 Earth Magic
 + Level 1.0 Poison Magic
 + Level 1.3 Invocations
 + Level 1.2 Evocations


You had 5 spell levels left.
You didn't know any spells.
Your spell library was empty.

Dungeon Overview and Level Annotations

Branches:
Dungeon (3/15)

Altars:
Dithmenos

Annotations:
D:3 1 runed translucent door, Crazy Yiuf, Ijyb


Innate Abilities, Weirdness & Mutations

You have very sharp teeth.
Your uncanny sense of smell can sniff out nearby items.
Your experience applies equally to all skills.


Message History

* * * LOW HITPOINT WARNING * * *
The now-empty wand crumbles to dust.
You closely miss Ijyb. Your bite misses Ijyb.
Ijyb is almost dead.
Ijyb closely misses you. Ijyb hits you but does no damage.
You closely miss Ijyb. Your bite misses Ijyb.
Ijyb is almost dead.
Ijyb hits you but does no damage.
You hit Ijyb but do no damage.
Ijyb is almost dead.
Ijyb barely misses you. Ijyb misses you.
You closely miss Ijyb.
Ijyb is almost dead.
Ijyb barely misses you. Ijyb closely misses you.
You closely miss Ijyb. You bite Ijyb, but do no damage.
Ijyb is almost dead.
Ijyb barely misses you.
You barely miss Ijyb.
Ijyb is almost dead.
Ijyb hits you but does no damage. x2
You hit Ijyb but do no damage.
Ijyb is almost dead.
Ijyb hits you but does no damage.
You closely miss Ijyb.
Ijyb is almost dead.
Ijyb hits you with a +0 club.
* * * LOW HITPOINT WARNING * * *
Ijyb hits you but does no damage.
You miss Ijyb.
Ijyb is almost dead.
Ijyb hits you but does no damage. Ijyb hits you with a +0 club.
* * * LOW HITPOINT WARNING * * *
You closely miss Ijyb.
Ijyb is almost dead.
Ijyb hits you but does no damage.
You closely miss Ijyb.
Ijyb is almost dead.
Ijyb grins evilly.
Ijyb hits you with a +0 club.
You die...

.##. #. ###.####
....... #....#
....... ####.#
....... #.#
.......#######.###
..............>..#
........###......#
......g.# #......#
#@###......#
#..........#
###.######## ...#
#####


You could see Ijyb.

Vanquished Creatures
  Terence (D:3)
  3 adders
  A dart slug (D:1)
  6 ball pythons
  4 endoplasms
  A giant cockroach (D:2)
  7 goblins
  4 hobgoblins
  3 quokkas
  3 bats
  3 frilled lizards
  7 kobolds
  5 rats (D:1)
48 creatures vanquished.

Notes
Turn   | Place    | Note
-------+----------+-------------------------------------------
     0 | D:1      | siradein the Gnoll Fighter began the quest for the Orb.
     0 | D:1      | Reached XP level 1. HP: 23/23 MP: 1/1
    57 | D:1      | Found a faded altar of an unknown god.
    59 | D:1      | Reached XP level 2. HP: 28/29 MP: 2/2
   624 | D:1      | Reached XP level 3. HP: 33/35 MP: 3/3
  1264 | D:2      | Reached skill level 1 in Invocations
  1473 | D:2      | Reached skill level 1 in Short Blades
  1473 | D:2      | Reached skill level 1 in Axes
  1473 | D:2      | Reached skill level 1 in Maces & Flails
  1473 | D:2      | Reached skill level 1 in Polearms
  1473 | D:2      | Reached skill level 1 in Staves
  1473 | D:2      | Reached skill level 1 in Slings
  1473 | D:2      | Reached skill level 1 in Bows
  1473 | D:2      | Reached skill level 1 in Crossbows
  1473 | D:2      | Reached skill level 1 in Throwing
  1473 | D:2      | Reached skill level 1 in Dodging
  1473 | D:2      | Reached skill level 1 in Stealth
  1473 | D:2      | Reached skill level 1 in Unarmed Combat
  1473 | D:2      | Reached skill level 1 in Spellcasting
  1473 | D:2      | Reached skill level 1 in Evocations
  1558 | D:2      | Reached XP level 4. HP: 41/41 MP: 5/5
  2059 | D:3      | Found a shadowy altar of Dithmenos.
  2246 | D:3      | Noticed Terence
  2265 | D:3      | Killed Terence
  2266 | D:3      | Reached skill level 1 in Conjurations
  2266 | D:3      | Reached skill level 1 in Hexes
  2266 | D:3      | Reached skill level 1 in Summonings
  2266 | D:3      | Reached skill level 1 in Necromancy
  2266 | D:3      | Reached skill level 1 in Translocations
  2266 | D:3      | Reached skill level 1 in Transmutations
  2266 | D:3      | Reached skill level 1 in Fire Magic
  2266 | D:3      | Reached skill level 1 in Ice Magic
  2266 | D:3      | Reached skill level 1 in Air Magic
  2266 | D:3      | Reached skill level 1 in Earth Magic
  2266 | D:3      | Reached skill level 1 in Poison Magic
  2490 | D:3      | Found a runed translucent door.
  2491 | D:3      | Noticed Crazy Yiuf
  2519 | D:3      | Noticed Ijyb
  2551 | D:3      | Slain by Ijyb

Illustrated notes

Levels and vault maps discovered:
D:1:      nzn_arrival_water_spiral, layout_loops_corners,
          hellmonk_ecumenical_altar_pennies_from_heaven
D:2:      layout_basic
D:3:      layout_loops_cross, overflow_temple_1_default,
          mainiacjoe_overflow_concentric_impassable, uniq_ijyb, uniq_terence,
          uniq_crazy_yiuf_cottage

Skill      XL: |  1  2  3  4 |
---------------+-------------+-----
Invocations    | 1 |  1.3
Short Blades   | 1 |  1.2
Axes           | 1 |  1.2
Maces & Flails | 1 |  1.2
Polearms       | 1 |  1.2
Staves         | 1 |  1.2
Slings         | 1 |  1.2
Bows           | 1 |  1.2
Crossbows      | 1 |  1.2
Throwing       | 1 |  1.2
Dodging        | 1 |  1.2
Stealth        | 1 |  1.2
Unarmed Combat | 1 |  1.2
Spellcasting   | 1 |  1.2
Evocations     | 1 |  1.2
Conjurations   | 1 |  1.0
Hexes          | 1 |  1.0
Summonings     | 1 |  1.0
Necromancy     | 1 |  1.0
Translocations | 1 |  1.0
Transmutations | 1 |  1.0
Fire Magic     | 1 |  1.0
Ice Magic      | 1 |  1.0
Air Magic      | 1 |  1.0
Earth Magic    | 1 |  1.0
Poison Magic   | 1 |  1.0
Fighting       | |  6.6
Long Blades    | |  4.7
Armour         | |  6.6
Shields        | |  6.6

Action                   |  1- 3 |  4- 6 || total
-------------------------+-------+-------++-------
Melee: Long sword        |   104 |    11 ||   115
       Bite              |     8 |     6 ||    14
       Glaive            |       |    65 ||    65
Armor: Scale mail        |    32 |    18 ||    50
       Chain mail        |       |    19 ||    19
Dodge: Dodged            |    55 |    53 ||   108
Block: Buckler           |    26 |     1 ||    27

Table legend: (Time is in decaauts)
 A = Elapsed time spent in this place.
 B = Non-inter-level travel time spent in this place.
 C = Inter-level travel time spent in this place.
 D = Time resting spent in this place.
 E = Time spent auto-exploring this place.
 F = Levels seen in this place.
 G = Mean time per level.
                   A        B        C        D        E       F      G
               +--------+--------+--------+--------+--------+-----+--------+
         Total |   2612 |   2534 |     78 |      0 |   2101 |   3 |  870.7 |
       Dungeon |   2612 |   2534 |     78 |      0 |   2101 |   3 |  870.7 |
               +--------+--------+--------+--------+--------+-----+--------+

Top non-repeatable levels by time:
     D:1: 1048 daAuts
     D:2: 889 daAuts
     D:3: 673 daAuts
